[ AOE2 MATCH · #504856231 ]
UnrankedArmenians vs Khmer
Player's team · LOSS
[ REPLAY ANALYSIS · EXTRACTED FROM THE RECORDED GAME ]
Feudal
10:34
Castle
—
Imperial
—
| APM avg | 42.2 |
| APM peak | 105 |
| eAPM avg | 16.4 |
| Villagers / military | 31 / 24 |
Focus
⚔️ 38.6% · 🌾 61.4%
Militia ×24
Feudal
—
Castle
—
Imperial
—
| APM avg | 15.7 |
| APM peak | 43 |
| eAPM avg | 10.9 |
| Villagers / military | 41 / 0 |
Focus
⚔️ 23.1% · 🌾 76.9%
Feudal
—
Castle
—
Imperial
—
| APM avg | 24.0 |
| APM peak | 49 |
| eAPM avg | 13.0 |
| Villagers / military | 45 / 2 |
Focus
⚔️ 15.0% · 🌾 85.0%
Militia ×2
Feudal
11:02
Castle
—
Imperial
—
| APM avg | 25.4 |
| APM peak | 40 |
| eAPM avg | 14.1 |
| Villagers / military | 32 / 17 |
Focus
⚔️ 17.0% · 🌾 83.0%
Serjeant ×11 · Archer ×6
Feudal
10:21
Castle
—
Imperial
—
| APM avg | 20.8 |
| APM peak | 45 |
| eAPM avg | 10.2 |
| Villagers / military | 47 / 26 |
Focus
⚔️ 17.5% · 🌾 82.5%
Archer ×16 · Spearman ×10
Feudal
11:54
Castle
—
Imperial
—
| APM avg | 25.7 |
| APM peak | 60 |
| eAPM avg | 11.7 |
| Villagers / military | 55 / 7 |
Focus
⚔️ 17.1% · 🌾 82.9%
Archer ×5 · Spearman ×2
Feudal
18:21
Castle
—
Imperial
—
| APM avg | 38.1 |
| APM peak | 104 |
| eAPM avg | 20.5 |
| Villagers / military | 38 / 0 |
Focus
⚔️ 22.9% · 🌾 77.1%
Feudal
—
Castle
—
Imperial
—
| APM avg | 18.9 |
| APM peak | 61 |
| eAPM avg | 7.7 |
| Villagers / military | 49 / 0 |
Focus
⚔️ 9.8% · 🌾 90.2%
Match map
Initial resources + every placement click. Lines = walls · curves = elevation contours. ◆ gold · ⬟ stone · ● berries · ✦ relic · ◌ wall gap
Your base· Open — 4t gap
GMEX | Garlockmx's base· Open — unwalled flank
bellotodelnorte's base· Open — unwalled flank
Manco Cápac's base· Open — unwalled flank
☘[4:20]☘ Moneymaker's base· Open — unwalled flank
Kmioncito322's base· Open — unwalled flank
☘ [4:20] ☘ Raperzinho11's base· Open — unwalled flank
592848337's base· Open — unwalled flank
Smoothed initial terrain · ◌ = detected wall gap · hover for details
Inputs per minute
— ☘[4:20]☘Rolando Mota dl Kmpo - - GMEX | Garlockmx
Build order — ☘[4:20]☘Rolando Mota dl Kmpo
90 actions detected in the replay
| 0:01 | Queue | Villager (Male) |
| 0:02 | Queue | Villager (Male) |
| 0:02 | Queue | Villager (Male) |
| 0:02 | Queue | Villager (Male) |
| 0:06 | Build | House |
| 0:09 | Build | House |
| 2:17 | Queue | Villager (Male) |
| 2:17 | Queue | Villager (Male) |
| 2:18 | Queue | Villager (Male) |
| 2:33 | Build | Mule Cart |
| 3:01 | Queue | Villager (Male) |
| 3:02 | Queue | Villager (Male) |
| 3:02 | Queue | Villager (Male) |
| 3:02 | Queue | Villager (Male) |
| 3:55 | Queue | Villager (Male) |
| 3:55 | Queue | Villager (Male) |
| 4:20 | Queue | Villager (Male) |
| 4:21 | Queue | Villager (Male) |
| 4:22 | Queue | Villager (Male) |
| 4:26 | Build | House |
| 5:06 | Queue | Villager (Male) |
| 5:07 | Queue | Villager (Male) |
| 5:48 | Build | Barracks |
| 6:02 | Queue | Villager (Male) |
| 6:02 | Queue | Villager (Male) |
| 6:52 | Build | House |
| 6:56 | Queue | Villager (Male) |
| 6:56 | Queue | Villager (Male) |
| 7:08 | Research | Loom |
| 7:25 | Build | House |
| 7:55 | Build | Mule Cart |
| 8:16 | Queue | Militia |
| 8:17 | Queue | Militia |
| 8:24 | Research | Feudal Age |
| 8:44 | Build | Mill |
| 8:50 | Queue | Militia |
| 8:50 | Queue | Militia |
| 9:39 | Queue | Militia |
| 10:08 | Queue | Militia |
| 10:08 | Queue | Militia |
| 10:34 | Age | Feudal Age |
| 11:01 | Research | Man-at-Arms (upgrade) |
| 11:49 | Research | Long Swordsman (upgrade) |
| 11:59 | Queue | Militia |
| 12:00 | Queue | Villager (Male) |
| 12:03 | Build | Farm |
| 12:05 | Build | Farm |
| 12:07 | Build | Farm |
| 12:26 | Queue | Militia |
| 12:44 | Build | Farm |
| 12:46 | Build | House |
| 12:49 | Queue | Villager (Male) |
| 13:00 | Queue | Militia |
| 13:12 | Queue | Militia |
| 13:16 | Build | Farm |
| 13:19 | Build | Farm |
| 13:22 | Build | Farm |
| 13:38 | Queue | Militia |
| 14:04 | Queue | Militia |
| 14:16 | Queue | Militia |
| 15:05 | Queue | Militia |
| 15:07 | Queue | Villager (Male) |
| 15:07 | Queue | Villager (Male) |
| 15:10 | Build | Farm |
| 15:13 | Build | Blacksmith |
| 15:17 | Build | House |
| 15:28 | Queue | Militia |
| 15:49 | Queue | Militia |
| 15:55 | Build | Farm |
| 16:02 | Queue | Villager (Male) |
| 16:07 | Build | Farm |
| 16:11 | Build | House |
| 16:26 | Queue | Militia |
| 16:48 | Research | Scale Mail Armor |
| 16:51 | Build | Farm |
| 17:20 | Queue | Villager (Male) |
| 17:21 | Queue | Militia |
| 17:24 | Build | Farm |
| 17:53 | Queue | Villager (Male) |
| 17:55 | Queue | Militia |
| 17:57 | Build | Farm |
| 18:20 | Research | Arson |
| 18:22 | Queue | Militia |
| 18:41 | Queue | Militia |
| 18:42 | Queue | Villager (Male) |
| 18:45 | Build | Farm |
| 19:11 | Queue | Militia |
| 19:13 | Queue | Villager (Male) |
| 19:16 | Build | Farm |
| 19:36 | Queue | Militia |
Build order — GMEX | Garlockmx
56 actions detected in the replay
| 0:02 | Queue | Villager (Male) ×4 |
| 0:02 | Queue | Villager (Male) ×4 |
| 0:05 | Build | House |
| 0:44 | Build | House |
| 1:42 | Queue | Villager (Male) |
| 1:56 | Build | Mill |
| 2:03 | Queue | Villager (Male) |
| 2:32 | Queue | Villager (Male) |
| 3:18 | Queue | Villager (Male) |
| 3:38 | Queue | Villager (Male) |
| 3:38 | Queue | Villager (Male) |
| 3:48 | Build | House |
| 3:51 | Build | House |
| 4:02 | Queue | Villager (Male) |
| 4:26 | Queue | Villager (Male) |
| 4:29 | Queue | Villager (Male) |
| 4:47 | Research | Loom |
| 5:19 | Build | Lumber Camp |
| 5:49 | Queue | Villager (Male) |
| 5:49 | Queue | Villager (Male) |
| 5:58 | Build | Palisade Wall |
| 5:59 | Build | Palisade Wall |
| 6:04 | Build | Palisade Wall |
| 6:47 | Queue | Villager (Male) ×3 |
| 7:51 | Queue | Villager (Male) |
| 8:26 | Queue | Villager (Male) |
| 8:35 | Build | Mill |
| 9:09 | Build | Town Center |
| 9:19 | Build | Palisade Wall |
| 9:23 | Build | Palisade Wall |
| 9:29 | Build | Palisade Wall |
| 10:18 | Build | Palisade Wall |
| 10:29 | Build | Palisade Wall |
| 11:47 | Queue | Villager (Male) ×2 |
| 12:15 | Build | Town Center |
| 13:22 | Build | Palisade Wall |
| 13:27 | Queue | Villager (Male) ×3 |
| 13:33 | Build | Farm |
| 13:33 | Build | Farm |
| 13:33 | Build | Farm |
| 13:34 | Build | Farm |
| 14:25 | Queue | Villager (Male) ×3 |
| 14:30 | Build | Farm |
| 15:24 | Queue | Villager (Male) ×5 |
| 15:55 | Build | Mill |
| 15:57 | Build | Palisade Wall |
| 16:27 | Queue | Villager (Male) ×4 |
| 16:38 | Build | Palisade Wall |
| 16:41 | Build | Palisade Wall |
| 16:43 | Build | Palisade Wall |
| 17:08 | Build | Farm |
| 17:08 | Build | Farm |
| 17:08 | Build | Farm |
| 17:09 | Build | Farm |
| 17:09 | Build | Farm |
| 19:09 | Research | Feudal Age |
Build order — bellotodelnorte
81 actions detected in the replay
| 0:03 | Queue | Villager (Male) |
| 0:04 | Build | House |
| 0:05 | Build | House |
| 0:07 | Queue | Villager (Male) |
| 0:08 | Queue | Villager (Male) |
| 0:50 | Queue | Villager (Male) |
| 0:50 | Queue | Villager (Male) |
| 1:43 | Queue | Villager (Male) |
| 1:43 | Queue | Villager (Male) |
| 2:07 | Queue | Villager (Male) |
| 2:07 | Queue | Villager (Male) |
| 2:35 | Queue | Villager (Male) |
| 2:35 | Queue | Villager (Male) |
| 3:00 | Build | Lumber Camp |
| 3:22 | Queue | Villager (Male) |
| 3:22 | Queue | Villager (Male) |
| 3:27 | Queue | Villager (Male) |
| 3:50 | Queue | Villager (Male) |
| 4:15 | Queue | Villager (Male) |
| 4:48 | Build | House |
| 4:51 | Research | Loom |
| 5:02 | Build | House |
| 5:06 | Build | Mill |
| 5:12 | Queue | Villager (Male) |
| 5:13 | Queue | Villager (Male) |
| 5:13 | Queue | Villager (Male) |
| 5:27 | Queue | Villager (Male) |
| 5:28 | Queue | Villager (Male) |
| 6:02 | Queue | Villager (Male) |
| 6:02 | Queue | Villager (Male) |
| 6:02 | Queue | Villager (Male) |
| 7:03 | Build | Barracks |
| 7:36 | Build | House |
| 8:13 | Build | House |
| 8:19 | Build | Palisade Wall |
| 8:21 | Build | Palisade Wall |
| 8:24 | Build | Palisade Wall |
| 8:38 | Build | Palisade Wall |
| 8:41 | Build | Palisade Wall |
| 8:42 | Queue | Villager (Male) |
| 8:42 | Queue | Villager (Male) |
| 8:42 | Queue | Villager (Male) |
| 8:42 | Queue | Villager (Male) |
| 8:43 | Queue | Villager (Male) |
| 8:45 | Build | House |
| 8:55 | Build | Palisade Wall |
| 9:00 | Build | Palisade Wall |
| 9:03 | Build | Palisade Wall |
| 9:11 | Build | Palisade Wall |
| 9:24 | Queue | Militia |
| 10:27 | Build | Mining Camp |
| 10:46 | Queue | Militia |
| 12:37 | Queue | Villager (Male) |
| 12:37 | Queue | Villager (Male) |
| 12:38 | Queue | Villager (Male) |
| 15:30 | Build | Farm |
| 15:31 | Build | Farm |
| 15:36 | Build | Farm |
| 15:41 | Build | Farm |
| 15:55 | Queue | Villager (Male) |
| 15:55 | Queue | Villager (Male) |
| 16:15 | Queue | Villager (Male) |
| 16:15 | Queue | Villager (Male) |
| 16:15 | Queue | Villager (Male) |
| 16:23 | Build | Farm |
| 16:37 | Build | Farm |
| 16:56 | Build | Farm |
| 17:07 | Queue | Villager (Male) |
| 17:22 | Build | Farm |
| 17:31 | Queue | Villager (Male) |
| 17:43 | Build | Farm |
| 17:48 | Queue | Villager (Male) |
| 18:02 | Build | Farm |
| 18:10 | Queue | Villager (Male) |
| 18:26 | Queue | Villager (Male) |
| 18:31 | Build | Farm |
| 18:41 | Queue | Villager (Male) |
| 18:46 | Build | House |
| 19:01 | Queue | Villager (Male) |
| 19:21 | Build | Lumber Camp |
| 19:36 | Queue | Villager (Male) |
Build order — Manco Cápac
89 actions detected in the replay
| 0:04 | Queue | Villager (Male) |
| 0:04 | Queue | Villager (Male) |
| 0:08 | Build | House |
| 0:41 | Queue | Villager (Male) |
| 0:42 | Queue | Villager (Male) |
| 0:42 | Queue | Villager (Male) |
| 0:55 | Research | Loom |
| 0:56 | Queue | Villager (Male) |
| 0:56 | Queue | Villager (Male) |
| 0:56 | Queue | Villager (Male) |
| 1:50 | Queue | Villager (Male) |
| 2:18 | Queue | Villager (Male) |
| 2:29 | Build | House |
| 2:33 | Build | House |
| 2:34 | Build | House |
| 2:43 | Build | Lumber Camp |
| 2:56 | Queue | Villager (Male) |
| 3:10 | Queue | Villager (Male) |
| 3:10 | Queue | Villager (Male) |
| 3:58 | Queue | Villager (Male) |
| 4:27 | Queue | Villager (Male) |
| 4:28 | Queue | Villager (Male) |
| 5:11 | Queue | Villager (Male) |
| 5:34 | Queue | Villager (Male) |
| 5:44 | Build | Mining Camp |
| 6:00 | Queue | Villager (Male) |
| 6:12 | Queue | Villager (Male) |
| 6:45 | Build | Mill |
| 6:49 | Queue | Villager (Male) |
| 7:02 | Queue | Villager (Male) |
| 7:59 | Queue | Villager (Male) |
| 8:52 | Research | Feudal Age |
| 8:53 | Research | Feudal Age |
| 9:19 | Build | Donjon |
| 10:08 | Queue | Villager (Male) |
| 10:08 | Queue | Villager (Male) |
| 10:18 | Build | House |
| 10:19 | Build | House |
| 10:21 | Build | House |
| 10:22 | Build | House |
| 11:02 | Age | Feudal Age |
| 11:09 | Queue | Serjeant |
| 11:10 | Queue | Serjeant |
| 11:10 | Queue | Serjeant |
| 11:21 | Build | Donjon |
| 11:34 | Queue | Serjeant |
| 11:34 | Queue | Serjeant |
| 12:07 | Queue | Serjeant |
| 12:20 | Build | Mill |
| 12:41 | Build | Archery Range |
| 13:21 | Build | Donjon |
| 13:29 | Queue | Serjeant |
| 13:29 | Queue | Serjeant |
| 13:56 | Queue | Serjeant |
| 13:59 | Queue | Archer |
| 14:00 | Queue | Archer |
| 14:00 | Queue | Archer |
| 14:05 | Queue | Villager (Male) |
| 14:06 | Queue | Villager (Male) |
| 14:33 | Queue | Serjeant |
| 15:28 | Queue | Archer |
| 15:46 | Queue | Serjeant |
| 15:56 | Queue | Villager (Male) |
| 15:56 | Queue | Villager (Male) |
| 16:14 | Research | Horse Collar |
| 16:19 | Build | Farm |
| 16:20 | Build | Farm |
| 16:21 | Build | Farm |
| 16:21 | Build | Farm |
| 16:23 | Build | Farm |
| 16:23 | Build | Farm |
| 16:23 | Build | Farm |
| 16:23 | Build | Farm |
| 16:24 | Build | Farm |
| 16:24 | Build | Farm |
| 16:25 | Build | Farm |
| 16:25 | Build | Farm |
| 16:26 | Build | Farm |
| 16:31 | Queue | Villager (Male) |
| 17:15 | Queue | Archer |
| 17:15 | Queue | Archer |
| 17:26 | Queue | Villager (Male) |
| 17:26 | Queue | Villager (Male) |
| 17:35 | Build | Farm |
| 17:36 | Build | Farm |
| 17:37 | Build | Farm |
| 17:38 | Build | Farm |
| 18:52 | Build | Donjon |
| 19:02 | Build | Donjon |
Build order — ☘[4:20]☘ Moneymaker
105 actions detected in the replay
| 0:00 | Queue | Villager (Male) |
| 0:01 | Queue | Villager (Male) |
| 0:01 | Queue | Villager (Male) |
| 0:02 | Build | House |
| 0:04 | Build | House |
| 0:04 | Queue | Villager (Male) |
| 0:04 | Queue | Villager (Male) |
| 0:05 | Queue | Villager (Male) |
| 1:03 | Queue | Villager (Male) |
| 1:03 | Queue | Villager (Male) |
| 2:07 | Queue | Villager (Male) |
| 2:07 | Queue | Villager (Male) |
| 2:08 | Queue | Villager (Male) |
| 2:08 | Queue | Villager (Male) |
| 2:40 | Queue | Villager (Male) |
| 2:40 | Queue | Villager (Male) |
| 2:41 | Queue | Villager (Male) |
| 2:41 | Queue | Villager (Male) |
| 3:43 | Queue | Villager (Male) |
| 3:43 | Queue | Villager (Male) |
| 3:43 | Queue | Villager (Male) |
| 3:44 | Queue | Villager (Male) |
| 3:58 | Build | Settlement |
| 4:04 | Queue | Villager (Male) |
| 4:04 | Queue | Villager (Male) |
| 4:15 | Build | House |
| 5:30 | Queue | Villager (Male) |
| 5:30 | Queue | Villager (Male) |
| 5:32 | Queue | Villager (Male) |
| 5:37 | Queue | Villager (Male) |
| 6:39 | Build | Settlement |
| 7:24 | Build | Farm |
| 7:42 | Research | Loom |
| 7:59 | Build | Farm |
| 8:11 | Research | Feudal Age |
| 9:36 | Queue | Villager (Male) |
| 9:37 | Queue | Villager (Male) |
| 9:37 | Queue | Villager (Male) |
| 9:49 | Build | Barracks |
| 10:21 | Queue | Villager (Male) |
| 10:21 | Age | Feudal Age |
| 10:24 | Research | Double-Bit Axe |
| 10:49 | Build | Archery Range |
| 10:58 | Queue | Spearman |
| 10:58 | Queue | Spearman |
| 11:25 | Build | Archery Range |
| 11:34 | Queue | Spearman |
| 11:34 | Queue | Spearman |
| 11:36 | Queue | Spearman |
| 11:36 | Queue | Spearman |
| 11:39 | Queue | Villager (Male) |
| 11:39 | Queue | Villager (Male) |
| 11:40 | Queue | Villager (Male) |
| 11:41 | Queue | Villager (Male) |
| 11:43 | Queue | Archer |
| 11:43 | Queue | Archer |
| 11:58 | Build | Farm |
| 12:18 | Build | House |
| 12:19 | Build | House |
| 12:25 | Queue | Archer ×4 |
| 12:25 | Queue | Archer ×4 |
| 12:27 | Queue | Villager (Male) |
| 12:27 | Queue | Villager (Male) |
| 12:46 | Queue | Archer |
| 12:58 | Queue | Spearman ×2 |
| 12:58 | Queue | Spearman ×2 |
| 13:09 | Build | Farm |
| 13:13 | Build | Farm |
| 13:20 | Build | Farm |
| 13:28 | Queue | Villager (Male) |
| 13:45 | Build | House |
| 13:46 | Build | House |
| 13:48 | Build | House |
| 13:49 | Build | House |
| 13:51 | Build | House |
| 13:52 | Build | House |
| 13:54 | Build | House |
| 14:12 | Queue | Villager (Male) |
| 14:13 | Queue | Villager (Male) |
| 14:37 | Queue | Archer ×3 |
| 14:40 | Queue | Villager (Male) |
| 14:44 | Queue | Archer |
| 14:44 | Queue | Archer |
| 15:18 | Build | Blacksmith |
| 15:56 | Queue | Villager (Male) |
| 16:01 | Build | Farm |
| 16:04 | Build | Farm |
| 16:40 | Queue | Villager (Male) |
| 16:46 | Research | Fletching |
| 17:57 | Queue | Villager (Male) |
| 18:00 | Build | Farm |
| 18:03 | Build | Farm |
| 18:09 | Build | Farm |
| 18:10 | Build | Farm |
| 18:10 | Build | Farm |
| 18:10 | Build | Farm |
| 18:11 | Build | Farm |
| 18:12 | Build | Farm |
| 18:19 | Build | Farm |
| 18:24 | Build | Farm |
| 18:31 | Build | Farm |
| 18:37 | Queue | Villager (Male) |
| 18:37 | Queue | Villager (Male) |
| 18:38 | Queue | Villager (Male) |
| 18:38 | Queue | Villager (Male) |
Build order — Kmioncito322
95 actions detected in the replay
| 0:17 | Queue | Villager (Male) |
| 0:17 | Queue | Villager (Male) |
| 0:19 | Queue | Villager (Male) |
| 0:19 | Queue | Villager (Male) |
| 0:37 | Build | House |
| 0:46 | Build | House |
| 1:01 | Build | Mill |
| 2:19 | Queue | Villager (Male) |
| 2:20 | Queue | Villager (Male) |
| 3:06 | Queue | Villager (Male) |
| 3:07 | Queue | Villager (Male) |
| 3:07 | Queue | Villager (Male) |
| 4:00 | Queue | Villager (Male) |
| 4:24 | Queue | Villager (Male) |
| 4:25 | Queue | Villager (Male) |
| 4:42 | Queue | Villager (Male) |
| 4:44 | Queue | Villager (Male) |
| 4:44 | Queue | Villager (Male) |
| 5:19 | Queue | Villager (Male) |
| 5:23 | Build | House |
| 5:48 | Queue | Villager (Male) |
| 6:06 | Queue | Villager (Male) |
| 6:11 | Research | Loom |
| 6:21 | Queue | Villager (Male) |
| 6:37 | Queue | Villager (Male) |
| 6:51 | Queue | Villager (Male) |
| 6:57 | Build | House |
| 6:59 | Queue | Villager (Male) |
| 7:15 | Queue | Villager (Male) |
| 7:23 | Queue | Villager (Male) |
| 7:43 | Queue | Villager (Male) |
| 7:54 | Queue | Villager (Male) |
| 8:04 | Queue | Villager (Male) |
| 8:56 | Build | Lumber Camp |
| 9:07 | Build | Mill |
| 9:10 | Queue | Villager (Male) |
| 9:27 | Research | Feudal Age |
| 9:56 | Queue | Villager (Male) |
| 10:06 | Queue | Villager (Male) |
| 10:13 | Build | House |
| 10:30 | Queue | Villager (Male) |
| 10:35 | Build | Lumber Camp |
| 10:40 | Queue | Villager (Male) |
| 10:51 | Build | Barracks |
| 10:54 | Queue | Villager (Male) |
| 11:14 | Queue | Villager (Male) |
| 11:34 | Queue | Villager (Male) |
| 11:50 | Build | House |
| 11:52 | Build | Palisade Wall |
| 11:54 | Age | Feudal Age |
| 11:58 | Queue | Villager (Male) |
| 12:16 | Build | Mining Camp |
| 12:19 | Build | Farm |
| 12:21 | Build | Farm |
| 12:22 | Build | Farm |
| 12:24 | Queue | Villager (Male) |
| 12:26 | Queue | Spearman |
| 13:07 | Queue | Villager (Male) |
| 13:24 | Build | Market |
| 13:29 | Queue | Villager (Male) |
| 13:34 | Build | Farm |
| 13:39 | Build | Farm |
| 13:43 | Queue | Villager (Male) |
| 13:55 | Build | Watch Tower |
| 14:09 | Queue | Spearman |
| 14:19 | Queue | Villager (Male) |
| 14:37 | Queue | Villager (Male) |
| 14:41 | Build | Farm |
| 14:47 | Build | Farm |
| 14:48 | Queue | Villager (Male) |
| 14:55 | Research | Gold Mining |
| 14:57 | Queue | Villager (Male) |
| 15:05 | Queue | Villager (Male) |
| 15:14 | Build | House |
| 15:37 | Queue | Villager (Male) |
| 16:06 | Build | House |
| 16:11 | Queue | Villager (Male) |
| 16:25 | Build | Archery Range |
| 16:29 | Build | House |
| 16:37 | Queue | Villager (Male) |
| 16:42 | Queue | Villager (Male) |
| 16:59 | Build | Watch Tower |
| 17:18 | Queue | Villager (Male) |
| 17:21 | Build | Farm |
| 17:36 | Build | Mining Camp |
| 17:38 | Queue | Villager (Male) |
| 17:42 | Queue | Villager (Male) |
| 17:56 | Queue | Archer |
| 18:01 | Queue | Villager (Male) |
| 18:07 | Build | Archery Range |
| 18:07 | Queue | Villager (Male) |
| 18:23 | Build | Farm |
| 18:32 | Queue | Archer |
| 18:43 | Queue | Villager (Male) |
| 18:47 | Queue | Archer ×3 |
Build order — ☘ [4:20] ☘ Raperzinho11
60 actions detected in the replay
| 0:02 | Queue | Villager (Male) |
| 0:02 | Queue | Villager (Male) |
| 0:03 | Queue | Villager (Male) |
| 0:03 | Queue | Villager (Male) |
| 0:03 | Queue | Villager (Male) |
| 0:03 | Queue | Villager (Male) |
| 0:05 | Build | House |
| 0:07 | Build | House |
| 1:06 | Research | Loom |
| 1:15 | Queue | Villager (Male) |
| 1:16 | Queue | Villager (Male) |
| 1:16 | Queue | Villager (Male) |
| 2:34 | Queue | Villager (Male) |
| 2:35 | Queue | Villager (Male) |
| 2:38 | Queue | Villager (Male) |
| 2:38 | Queue | Villager (Male) |
| 3:07 | Queue | Villager (Male) |
| 3:46 | Queue | Villager (Male) |
| 3:46 | Queue | Villager (Male) |
| 5:35 | Build | Town Center |
| 6:36 | Queue | Villager (Male) |
| 6:37 | Queue | Villager (Male) |
| 6:37 | Queue | Villager (Male) |
| 6:37 | Queue | Villager (Male) |
| 6:37 | Queue | Villager (Male) |
| 6:38 | Queue | Villager (Male) |
| 6:38 | Queue | Villager (Male) |
| 6:38 | Queue | Villager (Male) |
| 7:16 | Build | House |
| 9:37 | Queue | Villager (Male) |
| 9:37 | Queue | Villager (Male) |
| 9:37 | Queue | Villager (Male) |
| 9:38 | Queue | Villager (Male) |
| 11:00 | Build | House |
| 11:06 | Queue | Villager (Male) |
| 11:06 | Queue | Villager (Male) |
| 11:07 | Queue | Villager (Male) |
| 11:07 | Queue | Villager (Male) |
| 11:07 | Queue | Villager (Male) |
| 12:15 | Queue | Villager (Male) |
| 12:38 | Build | House |
| 13:40 | Queue | Villager (Male) |
| 13:50 | Build | Lumber Camp |
| 15:17 | Build | Barracks |
| 16:17 | Research | Feudal Age |
| 16:22 | Build | Palisade Wall |
| 16:22 | Build | Palisade Wall |
| 16:34 | Build | Mill |
| 17:25 | Build | Mill |
| 18:05 | Build | Farm |
| 18:08 | Build | Farm |
| 18:12 | Build | Farm |
| 18:14 | Build | Farm |
| 18:17 | Build | Farm |
| 18:21 | Build | Farm |
| 18:21 | Age | Feudal Age |
| 18:26 | Queue | Villager (Male) |
| 18:27 | Queue | Villager (Male) |
| 18:27 | Queue | Villager (Male) |
| 18:47 | Build | House |
Build order — 592848337
70 actions detected in the replay
| 0:03 | Queue | Villager (Male) |
| 0:04 | Build | House |
| 0:07 | Build | House |
| 0:36 | Queue | Villager (Male) |
| 0:36 | Queue | Villager (Male) |
| 0:46 | Queue | Villager (Male) |
| 0:47 | Queue | Villager (Male) |
| 1:42 | Queue | Villager (Male) |
| 1:42 | Queue | Villager (Male) |
| 2:12 | Queue | Villager (Male) |
| 2:12 | Queue | Villager (Male) |
| 2:22 | Build | Lumber Camp |
| 2:27 | Queue | Villager (Male) |
| 2:27 | Queue | Villager (Male) |
| 3:04 | Queue | Villager (Male) |
| 3:05 | Queue | Villager (Male) |
| 3:20 | Queue | Villager (Male) |
| 3:20 | Queue | Villager (Male) |
| 3:22 | Research | Loom |
| 3:31 | Queue | Villager (Male) |
| 3:31 | Queue | Villager (Male) |
| 3:36 | Build | House |
| 3:49 | Queue | Villager (Male) |
| 3:49 | Queue | Villager (Male) |
| 4:03 | Queue | Villager (Male) |
| 4:04 | Queue | Villager (Male) |
| 4:23 | Build | Palisade Wall |
| 4:26 | Build | Palisade Wall |
| 4:54 | Queue | Villager (Male) |
| 4:55 | Queue | Villager (Male) |
| 5:24 | Build | House |
| 6:31 | Build | Mill |
| 7:34 | Queue | Villager (Male) |
| 7:34 | Queue | Villager (Male) |
| 8:07 | Queue | Villager (Male) |
| 8:07 | Queue | Villager (Male) |
| 8:08 | Queue | Villager (Male) |
| 8:09 | Queue | Villager (Male) |
| 8:24 | Queue | Villager (Male) |
| 8:25 | Queue | Villager (Male) |
| 8:26 | Queue | Villager (Male) |
| 9:50 | Queue | Villager (Male) |
| 9:50 | Queue | Villager (Male) |
| 9:51 | Queue | Villager (Male) |
| 10:16 | Queue | Villager (Male) |
| 10:16 | Queue | Villager (Male) |
| 10:16 | Queue | Villager (Male) |
| 10:19 | Queue | Villager (Male) |
| 10:20 | Queue | Villager (Male) |
| 10:44 | Queue | Villager (Male) |
| 11:00 | Queue | Villager (Male) |
| 11:00 | Queue | Villager (Male) |
| 11:44 | Build | House |
| 12:25 | Build | Town Center |
| 13:34 | Queue | Villager (Male) |
| 13:36 | Queue | Villager (Male) |
| 13:39 | Build | Farm |
| 13:42 | Build | Farm |
| 13:45 | Build | Farm |
| 13:51 | Build | Farm |
| 13:54 | Build | Farm |
| 13:55 | Queue | Villager (Male) |
| 14:16 | Build | Farm |
| 14:30 | Build | Farm |
| 14:31 | Queue | Villager (Male) |
| 14:32 | Queue | Villager (Male) |
| 14:37 | Build | Farm |
| 14:46 | Build | Farm |
| 15:06 | Queue | Villager (Male) |
| 15:23 | Build | Farm |
Match timeline
| 4:23 | 592848337 · wall_segment Palisade Wall x6 |
| 4:26 | 592848337 · wall_segment Palisade Wall x6 |
| 5:48 | ☘[4:20]☘Rolando Mota dl Kmpo · first_building Barracks |
| 5:58 | GMEX | Garlockmx · wall_segment Palisade Wall x1 |
| 5:59 | GMEX | Garlockmx · wall_segment Palisade Wall x1 |
| 6:04 | GMEX | Garlockmx · wall_segment Palisade Wall x1 |
| 7:03 | bellotodelnorte · first_building Barracks |
| 8:19 | bellotodelnorte · wall_segment Palisade Wall x1 |
| 8:21 | bellotodelnorte · wall_segment Palisade Wall x1 |
| 8:24 | bellotodelnorte · wall_segment Palisade Wall x1 |
| 8:38 | bellotodelnorte · wall_segment Palisade Wall x1 |
| 8:41 | bellotodelnorte · wall_segment Palisade Wall x1 |
| 8:55 | bellotodelnorte · wall_segment Palisade Wall x1 |
| 9:00 | bellotodelnorte · wall_segment Palisade Wall x1 |
| 9:03 | bellotodelnorte · wall_segment Palisade Wall x1 |
| 9:11 | bellotodelnorte · wall_segment Palisade Wall x1 |
| 9:19 | Manco Cápac · first_building Donjon |
| 9:19 | GMEX | Garlockmx · wall_segment Palisade Wall x1 |
| 9:23 | GMEX | Garlockmx · wall_segment Palisade Wall x1 |
| 9:29 | GMEX | Garlockmx · wall_segment Palisade Wall x1 |
| 9:49 | ☘[4:20]☘ Moneymaker · first_building Barracks |
| 10:18 | GMEX | Garlockmx · wall_segment Palisade Wall x1 |
| 10:21 | ☘[4:20]☘ Moneymaker · age_up feudal |
| 10:29 | GMEX | Garlockmx · wall_segment Palisade Wall x1 |
| 10:34 | ☘[4:20]☘Rolando Mota dl Kmpo · age_up feudal |
| 10:49 | ☘[4:20]☘ Moneymaker · first_building Archery Range |
| 10:51 | Kmioncito322 · first_building Barracks |
| 11:02 | Manco Cápac · age_up feudal |
| 11:52 | Kmioncito322 · wall_segment Palisade Wall x1 |
| 11:54 | Kmioncito322 · age_up feudal |
| 12:41 | Manco Cápac · first_building Archery Range |
| 13:22 | GMEX | Garlockmx · wall_segment Palisade Wall x14 |
| 15:17 | ☘ [4:20] ☘ Raperzinho11 · first_building Barracks |
| 15:38 | 592848337 · resign |
| 15:57 | GMEX | Garlockmx · wall_segment Palisade Wall x1 |
| 16:22 | ☘ [4:20] ☘ Raperzinho11 · wall_segment Palisade Wall x1 |
| 16:22 | ☘ [4:20] ☘ Raperzinho11 · wall_segment Palisade Wall x1 |
| 16:25 | Kmioncito322 · first_building Archery Range |
| 16:38 | GMEX | Garlockmx · wall_segment Palisade Wall x1 |
| 16:41 | GMEX | Garlockmx · wall_segment Palisade Wall x1 |
| 16:43 | GMEX | Garlockmx · wall_segment Palisade Wall x1 |
| 16:54 | Kmioncito322 · first_market_buy 100 stone |
| 18:21 | ☘ [4:20] ☘ Raperzinho11 · age_up feudal |
[ AI ANALYSIS · 1 CREDIT ]
What really happened in this match?
Wolo.gg analyzes every decision: build order, eco, micro, common mistakes by bracket. Personalized analysis on WhatsApp or Discord in 30 seconds.
Civ guide
Armenians
Perfil
Jugador #9569088